 Dungeon Crawl Stone Soup version 0.29.1-12-g30fa7ad0bf (webtiles) character file.

Game seed: 13263330771921816765

3349 funkygono the Firebug (level 9, -2/62 HPs)
             Began as a Demonspawn Fire Elementalist on Jan 1, 2023.
             Was a Believer of Vehumet.
             Slain by a wolf (8 damage)
             ... in a bailey.
             The game lasted 00:19:29 (8656 turns).

funkygono the Firebug (DsFE)                        Turns: 8656, Time: 00:19:30

Health: -2/62      AC:  7    Str:  8    XL:     9   Next: 72%
Magic:  11/19      EV: 13    Int: 21    God:    Vehumet [**....]
Gold:   495        SH:  0    Dex: 20    Spells: 8/22 levels left

rFire   . . .      SeeInvis .   m - +2 mace (drain)
rCold   + . .      Faith    .   (no shield)
rNeg    . . .      Spirit   .   t - +0 troll leather armour
rPois   .          Reflect  .   (no helmet)
rElec   .          Harm     .   c - +1 cloak
rCorr   +          Rampage  .   l - +0 pair of gloves
Will    .....                   (no boots)
Stlth   ++........              (no amulet)
HPRegen 1.00/turn               u - ring "Kosiwif" {rC+ rCorr Dex+6}
MPRegen 0.16/turn               (no ring)

@: no status effects
A: hooves 1, demonic guardian 1, weakness stinger 1, demonic touch 2
a: Renounce Religion


You were in a bailey.
You worshipped Vehumet.
Vehumet was pleased with you.
You visited 1 branch of the dungeon, and saw 8 of its levels.
You also visited: Bailey.

You collected 495 gold pieces.

Inventory:

Hand Weapons
 i - a +0 whip
 m - a +2 mace of draining (weapon)
 n - a +3 quarterstaff of chaos
 z - a +1 flail
 B - a +2 long sword of protection
Missiles
 v - 9 throwing nets
Armour
 c - a +1 cloak (worn)
 e - a +2 robe of willpower
 g - a +2 robe of fire resistance
 l - a +0 pair of gloves (worn)
 t - a +0 troll leather armour (worn)
 y - a +2 scale mail of fire resistance
Magical Staves
 o - a staff of conjuration
Jewellery
 u - the ring "Kosiwif" (left hand) {rC+ rCorr Dex+6}
   (You acquired it on level 7 of the Dungeon)

   [ring of dexterity]

   Dex:       It affects your dexterity (+6).
   rC:        It protects you from cold.
   rCorr:     It protects you from acid and corrosion.
Wands
 q - a wand of polymorph (9)
 w - a wand of flame (19)
 x - a wand of paralysis (9)
Scrolls
 h - 5 scrolls of butterflies
Potions
 a - a potion of resistance {unknown}
 d - 2 potions of flight
 f - 3 potions of brilliance
 j - 2 potions of curing
 k - 2 potions of attraction
 p - a potion of mutation {unknown}
 r - a potion of ambrosia {unknown}
 s - a potion of lignification {unknown}
 A - a potion of invisibility {unknown}


   Skills:
 + Level 2.7 Fighting
 + Level 4.1 Maces & Flails
 + Level 2.0 Armour
 + Level 3.5 Dodging
 - Level 1.7 Stealth
 + Level 7.2 Spellcasting
 + Level 5.1 Conjurations
 + Level 7.4 Fire Magic


You had 8 spell levels left.
You knew the following spells:

 Your Spells              Type           Power      Damage    Failure   Level
a - Foxfire               Conj/Fire      100%       2x1d9     1%          1
b - Scorch                Fire           76%        2d8       1%          2
c - Conjure Flame         Conj/Fire      33%        6-21      2%          3
d - Flame Wave            Conj/Fire      33%        2d10      9%          4
e - Shock                 Conj/Air       72%        1d7       4%          1
f - Stone Arrow           Conj/Erth      36%        3d9       13%         3

Your spell library contained the following spells:

 Spells                   Type           Power      Damage    Failure   Level
 Freeze                   Ice            28%        1d5       12%         1
 Inner Flame              Hex/Fire       23%        N/A       8%          3
 Apportation              Tloc           14%        N/A       12%         1
 Necrotise                Necr           28%        1d5       12%         1
 Sandblast                Erth           14%        2d6       12%         1
 Summon Small Mammal      Summ           28%        N/A       12%         1
 Passwall                 Tmut/Erth      5%         N/A       19%         2
 Gell's Gravitas          Tloc           7%         N/A       36%         3
 Teleport Other           Tloc           7%         N/A       36%         3
 Vampiric Draining        Necr           7%         2d6       36%         3
 Animate Armour           Summ/Erth      14%        N/A       77%         4
 Animate Dead             Necr           7%         N/A       77%         4
 Agony                    Necr           7%         N/A       98%         5
 Blade Hands              Tmut           3%         N/A       98%         5
 Borgnjor's Vile Clutch   Necr/Erth      3%         N/A       98%         5
 Death Channel            Necr           3%         N/A       100%        6
 Dispersal                Tloc           3%         N/A       100%        6
 Iron Shot                Conj/Erth      9%         9d3       100%        6


Dungeon Overview and Level Annotations

Branches:
Dungeon (8/15)             Temple (0/1) D:5          Bailey (1/1)
   Lair: D:8-11

Altars:
Ashenzari
Cheibriados
Gozag
Kikubaaqudgha
Nemelex Xobeh
Qazlal
Sif Muna
Uskayaw
Vehumet
Wu Jian
Xom
Yredelemnul

Shops:
D:4 **


Innate Abilities, Weirdness & Mutations

You have large cloven feet.
A weak demonic guardian rushes to your aid.
You have a small tail.
Your touch may inflict irresistible damage on your foes.


Message History

The gnoll sergeant hits you from afar with a +0 halberd!
* * * LOW HITPOINT WARNING * * *
The wolf bites your ufetubus!
Your ufetubus dies!
Your ufetubus disappears in a puff of smoke!
The wolf completely misses you.
The wolf howls!
A wave of flame ripples out!
The flame wave engulfs the wolf!
You kill the wolf!
Vehumet accepts your kill.
You feel your power returning.
The flame wave engulfs the wolf!
The wolf is moderately wounded.
The flame wave engulfs the gnoll sergeant but does no damage.
The gnoll sergeant is heavily wounded.
The flame wave engulfs the gnoll bouda but does no damage.
The flame wave engulfs the gnoll bouda!
The gnoll bouda is burned terribly!
The gnoll bouda is severely wounded.
You hear a howl! x2
The gnoll sergeant hits you from afar with a +0 halberd!
* * * LOW HITPOINT WARNING * * *
The gnoll bouda misses you. The wolf completely misses you.
The gnoll bouda hits you from afar with a +0 trident.
* * * LOW HITPOINT WARNING * * *
Unknown command.
A wave of flame ripples out!
The flame wave engulfs the wolf!
The wolf is severely wounded.
The flame wave engulfs the gnoll sergeant but does no damage.
The gnoll sergeant is heavily wounded.
The flame wave engulfs the gnoll bouda!
The gnoll bouda is heavily wounded.
The flame wave engulfs the gnoll bouda!
The gnoll bouda is burned terribly!
You kill the gnoll bouda!
Vehumet accepts your kill.
The flame wave engulfs the gnoll!
You kill the gnoll!
Vehumet accepts your kill.
You feel your power returning.
You finish channelling waves of flame.
You hear a shout!
The wolf bites you!
You die...

♣♣♣....)))....♣♣♣
♣♣......)........♣♣
♣♣≈≈≈≈≈≈≈.).≈≈≈≈≈≈≈♣♣
♣≈≈......)........≈≈♣
♣≈........)).......≈♣
♣≈.######'')######.≈♣
♣≈.# #...# #.≈♣ ♣≈##
#.§.# ##≈♣ ♣≈ #)@.#
≈♣ ♣≈ ##h## ≈♣ ♣≈
##gg)## ≈♣ ♣≈
##..)..## ≈♣ ♣≈
#...).).# ≈♣ ♣≈
#...8...# ≈♣
#.......# ##.....##
##...##


You could see a gnoll sergeant, a wolf and a gnoll bouda (swift).

Vanquished Creatures
  A troll (D:6)
  Sigmund (D:2)
  Menkaure (D:5)
  A steam dragon (D:8)
  2 water moccasins
  2 sky beasts
  2 black bears
  3 wolves (Bailey)
  An ogre (D:5)
  2 centaurs
  A phantom (D:6)
  3 bullfrogs
  A gnoll sergeant (Bailey)
  3 necrophages
  2 scorpions
  4 wights (D:7)
  A howler monkey (D:7)
  4 hounds
  Crazy Yiuf (D:2)
  3 jellies
  2 gnoll boudas (Bailey)
  2 orc priests (D:7)
  An iguana (D:5)
  Jessica (D:3)
  4 orc wizards
  11 gnolls (Bailey)
  5 adders
  2 shadow imps
  2 white imps
  3 ufetubi
  4 dart slugs
  A worm (D:4)
  19 orcs
  11 ball pythons
  11 endoplasms
  A giant cockroach (D:1)
  2 hobgoblins
  9 jackals
  4 quokkas
  4 bats
  10 frilled lizards
  8 goblins
  6 kobolds
  9 rats
171 creatures vanquished.

Vanquished Creatures (collateral kills)
  Terence (D:2)
  A gnoll (Bailey)
  5 foxfires
7 creatures vanquished.

Vanquished Creatures (others)
  451 foxfires
  60 plants
511 creatures vanquished.

Grand Total: 689 creatures vanquished

Notes
Turn   | Place    | Note
-------+----------+-------------------------------------------
     0 | D:1      | funkygono the Demonspawn Fire Elementalist began the quest
                  | for the Orb.
     0 | D:1      | Reached XP level 1. HP: 13/13 MP: 3/3
   280 | D:1      | Discovered your monstrous ancestry.
   280 | D:1      | Gained mutation: You have large cloven feet. [demonic
                  | ancestry]
   280 | D:1      | Reached XP level 2. HP: 19/19 MP: 1/5
   283 | D:1      | Learned a level 2 spell: Scorch
  1406 | D:2      | Reached XP level 3. HP: 24/24 MP: 1/6
  1808 | D:2      | Found a sparkling altar of Nemelex Xobeh.
  2047 | D:2      | Gained mutation: A weak demonic guardian rushes to your
                  | aid. [demonic ancestry]
  2047 | D:2      | Reached XP level 4. HP: 30/30 MP: 4/8
  2158 | D:2      | Noticed Sigmund
  2160 | D:2      | Noticed Terence
  2163 | D:2      | Killed Sigmund
  2164 | D:2      | Gained mutation: Your touch may inflict minor irresistible
                  | damage on your foes. [demonic ancestry]
  2164 | D:2      | Reached XP level 5. HP: 35/35 MP: 2/10
  2183 | D:2      | Killed Terence
  2353 | D:2      | Found a runed translucent door.
  2354 | D:2      | Noticed Crazy Yiuf
  2493 | D:2      | HP: 1/33 [Crazy Yiuf/+3 quarterstaff of chaos (7)]
  2494 | D:2      | Killed Crazy Yiuf
  2495 | D:2      | Gained mutation: Your touch may inflict irresistible damage
                  | on your foes. [demonic ancestry]
  2495 | D:2      | Reached XP level 6. HP: 1/40 MP: 8/11
  2847 | D:2      | Learned a level 3 spell: Conjure Flame
  2852 | D:2      | Learned a level 4 spell: Flame Wave
  3002 | D:3      | Found a hide-covered altar of Uskayaw.
  3400 | D:3      | Found a broken altar of Ashenzari.
  3507 | D:3      | Noticed Jessica
  3515 | D:3      | Killed Jessica
  4013 | D:4      | Found an opulent altar of Gozag.
  4045 | D:4      | Found a shimmering blue altar of Sif Muna.
  4048 | D:4      | Found a radiant altar of Vehumet.
  4048 | D:4      | Found a basalt altar of Yredelemnul.
  4048 | D:4      | Found a snail-covered altar of Cheibriados.
  4060 | D:4      | Became a worshipper of Vehumet
  4098 | D:4      | Found Qomofoas's General Store.
  4100 | D:4      | Found Adiywk's Specific Store.
  4181 | D:4      | Found an ancient bone altar of Kikubaaqudgha.
  4441 | D:4      | Found a stormy altar of Qazlal.
  4705 | D:5      | Entered Level 5 of the Dungeon
  4705 | D:5      | Found a staircase to the Ecumenical Temple.
  4750 | D:5      | Reached skill level 5 in Fire Magic
  4750 | D:5      | Reached XP level 7. HP: 43/46 MP: 11/13
  4811 | D:5      | Found an ornate altar of the Wu Jian Council.
  4953 | D:5      | Identified the +5 quarterstaff of Vanity {vorpal, rF+ rN+}
  5002 | D:5      | Noticed Menkaure
  5011 | D:5      | Killed Menkaure
  5012 | D:5      | Reached skill level 1 in Maces & Flails
  5012 | D:5      | Reached skill level 5 in Spellcasting
  5709 | D:5      | Reached * piety under Vehumet
  5709 | D:5      | Offered knowledge of Shock by Vehumet.
  5712 | D:5      | Learned a level 1 spell: Shock
  5716 | D:5      | Learned a level 3 spell: Stone Arrow
  6140 | D:6      | Reached XP level 8. HP: 53/53 MP: 13/16
  6171 | D:6      | Noticed a troll
  6182 | D:6      | Killed a troll
  6183 | D:6      | Reached skill level 1 in Fighting
  6409 | D:6      | Found a shimmering altar of Xom.
  7301 | D:7      | Gained mutation: You have a small tail. [demonic ancestry]
  7301 | D:7      | Reached XP level 9. HP: 55/61 MP: 18/18
  7815 | D:7      | Identified a scroll of acquirement
  7815 | D:7      | Acquired the ring "Kosiwif" {rC+ rCorr Dex+6}
  8042 | D:8      | Reached ** piety under Vehumet
  8183 | D:8      | Reached skill level 1 in Armour
  8186 | D:8      | Offered knowledge of Freeze by Vehumet.
  8194 | D:8      | Found a flagged portal.
  8202 | Bailey   | Entered a bailey
  8385 | Bailey   | Reached skill level 5 in Conjurations
  8656 | Bailey   | Slain by a wolf

Illustrated notes

Levels and vault maps discovered:
D:1:      evilmike_arrival_hilbert_curve, layout_basic
D:2:      minmay_angry_zag, layout_rooms, basic_altar, uniq_crazy_yiuf_cottage,
          uniq_terence, uniq_sigmund
D:3:      layout_rooms, cheibrodos_ashenzari_chains,
          eat_drink_and_be_merry_uskayaw, serial_bayou, serial_bayou_pond_d,
          serial_bayou_pond_c, serial_bayou_lake_a, serial_bayou_lagoon_a,
          uniq_jessica
D:4:      layout_loops_ring, mainiacjoe_overflow_chevrons,
          gammafunk_temple_overflow_wave, kiku_gazebo_pond_becter,
          grunt_temple_overflow_open, serial_park_tiny_2,
          nicolae_specific_store, wad_orctagon
D:5:      layout_gridville, old_standard_altar, minmay_temple_entry_grid,
          minmay_misc_feat_columns, minmay_lizard_king, uniq_menkaure
D:6:      layout_cave_pools, nicolae_overflow_hidden_temple,
          nicolae_concentric_dashed_squares_mild, serial_bayou_pond_c
D:7:      layout_loops_ring
D:8:      layout_layer_cave, enter_bailey_3, serial_rivers,
          chequers_serial_rivers_small_3, chequers_serial_rivers_room_a,
          chequers_serial_rivers_micro_b, chequers_serial_rivers_small_3,
          chequers_serial_rivers_small_b, uniq_joseph
Bailey:   bailey_polearm_gnolls_kennysheep, bailey

Skill      XL: |  1  2  3  4  5  6  7  8  9 |
---------------+----------------------------+-----
Fire Magic     | 3 4 5 6 7 |  7.4
Dodging        | 2 3 |  3.5
Spellcasting   | 3 4 5 6 7 |  7.2
Conjurations   | 2 3 4 5 |  5.1
Maces & Flails | 1 3 4 |  4.1
Fighting       | 2 |  2.7
Armour         | 2 |  2.0
Stealth        | |  1.7

Action                   |  1- 3 |  4- 6 |  7- 9 || total
-------------------------+-------+-------+-------++-------
Melee: Unarmed           |     5 |       |       ||     5
       Whip              |     3 |       |       ||     3
       Mace              |       |    86 |   113 ||   199
       Kick              |       |    36 |    40 ||    76
       Touch             |       |    19 |    21 ||    40
       Punch             |       |     1 |     1 ||     2
       Tailslap          |       |       |     7 ||     7
 Cast: Foxfire           |    60 |    79 |   124 ||   263
       Scorch            |     9 |     7 |    38 ||    54
       Flame Wave        |       |       |     2 ||     2
  Use: Potion            |       |     1 |     3 ||     4
       Scroll            |       |     4 |     9 ||    13
 Stab: Sleeping          |       |     1 |       ||     1
Armor: Robe              |     7 |     7 |    37 ||    51
       Skin              |       |       |     2 ||     2
       Troll leather arm |       |       |    26 ||    26
Dodge: Dodged            |    22 |    14 |   152 ||   188
